 Dungeon Crawl Stone Soup version 0.23-a0-890-gc183402 (webtiles) character file.

265282 Inarius the Eviscerator (level 19, -21/104 HPs)
             Began as a Felid Berserker on Jan 23, 2019.
             Was the Champion of Trog.
             Killed from afar by a deep elf annihilator (64 damage)
             ... with a crystal spear
             ... on level 3 of the Elven Halls on Jan 28, 2019.
             The game lasted 03:00:38 (64059 turns).

Inarius the Eviscerator (Felid Berserker)          Turns: 64059, Time: 03:00:41

Health: -21/104    AC:  7    Str: 15    XL:     19   Next: 29%
Magic:  39/39      EV: 39    Int: 10    God:    Trog [******]
Gold:   225        SH:  0    Dex: 26    Spells: 18/18 levels left
                                        Lives:  0   Deaths: 4

rFire    . . .     SeeInvis +     - Unarmed
rCold    + . .     Gourm    .   (shield unavailable)
rNeg     + + +     Faith    .   (armour unavailable)
rPois    +         Spirit   .   (helmet unavailable)
rElec    .         Reflect  .   (cloak unavailable)
rCorr    .         Harm     .   (gloves unavailable)
MR       ++++.                  (boots unavailable)
Stlth    +++++++++.             R - amulet of regeneration
HPRegen  1.67/turn              N - ring of Kyud Capu {Str+2 Dex+3}
MPRegen  0.26/turn              w - ring "Isit" {rPois rN+++ MP+9 Int-3}

@: berserk cooldown, regenerating, slowed, slow
A: very small, no armour, no weapons or thrown items, stealth, antennae 1, claws
1, fangs 3, repulsion field 1, icy blue scales 1, iridescent scales 1, see
invisible, agile 1, carnivore, clever 1, speed 1, robust 1, shaggy fur 3, slow
metabolism 1, wild magic 1, evolution 1, sharp paws
}: 2/15 runes: barnacled, gossamer
a: Berserk, Trog's Hand, Brothers in Arms, Renounce Religion


You were on level 3 of the Elven Halls.
You worshipped Trog.
Trog was exalted by your worship.
You were full.

You visited 7 branches of the dungeon, and saw 38 of its levels.
You also visited: Ossuary and Bailey.

You collected 4182 gold pieces.
You spent 3957 gold pieces at shops.

Inventory:

Jewellery
 e - an uncursed ring of fire
 l - an uncursed ring of magical power
 r - an uncursed ring of poison resistance
 w - the ring "Isit" (right paw) {rPois rN+++ MP+9 Int-3}
   (You bought it in a shop on level 3 of the Elven Halls)

   [ring of poison resistance]

   It affects your intelligence (-3).
   It protects you from poison.
   It renders you almost immune to negative energy.
   It affects your magic capacity (+9).
 x - an uncursed ring of ice
 D - an uncursed ring of resist corrosion
 N - the ring of Kyud Capu (left paw) {Str+2 Dex+3}
   (You acquired it on level 13 of the Dungeon)

   [ring of dexterity]

   It affects your strength (+2).
   It affects your dexterity (+3).
 R - an amulet of regeneration (around neck)
 X - an uncursed ring of protection from magic
 Y - an uncursed ring of positive energy
Wands
 f - a wand of random effects (28)
 s - a wand of acid (10)
 v - a wand of enslavement (7)
 y - a wand of clouds (8)
 F - a wand of iceblast (21)
 H - a wand of polymorph (17)
 L - a wand of disintegration (9)
 M - a wand of digging (11)
 O - a wand of flame (14)
 S - a wand of paralysis (16)
Scrolls
 b - 5 scrolls of teleportation
 c - 23 scrolls of remove curse
 n - 3 scrolls of blinking
 o - a scroll of summoning
 t - 7 scrolls of immolation
 u - 8 scrolls of fog
 U - 8 scrolls of identify
 V - 3 scrolls of fear
 W - 2 scrolls of holy word
Potions
 d - 9 potions of might
 g - 4 potions of haste
 h - 3 potions of heal wounds
 i - 3 potions of magic
 j - 2 potions of berserk rage
 m - 11 potions of curing
 p - a potion of invisibility
 q - 5 potions of agility
 z - 2 potions of flight
 A - 3 potions of lignification
 B - a potion of cancellation
 C - 6 potions of brilliance
 E - 7 potions of ambrosia
 G - a potion of resistance
 I - 8 potions of mutation
Miscellaneous
 k - a lamp of fire
 J - 3 phantom mirrors
 K - 2 boxes of beasts
 Q - a fan of gales
 T - a lightning rod (4/4)
 Z - a phial of floods
Comestibles
 a - 63 rations


   Skills:
 * Level 16.6 Fighting
 + Level 17.3 Dodging
 * Level 21.6 Stealth
 + Level 23.8 Unarmed Combat
 + Level 14.6 Evocations


You had 18 spell levels left.
You didn't know any spells.
Your spell library was empty.

Dungeon Overview and Level Annotations

Branches:
Dungeon (15/15)            Temple (0/1) D:4            Lair (6/6) D:8
 Shoals (4/4) Lair:3       Spider (4/4) Lair:3        Slime (0/5) Lair:6
    Orc (2/2) D:10            Elf (3/3) Orc:2        Vaults (4/5) D:14
  Crypt (0/3) Vaults:3     Depths (0/5) D:15

Altars:
Ashenzari
Dithmenos
Fedhas
Gozag
Hepliaklqana
Makhleb
Nemelex Xobeh
Okawaru
Qazlal
Ru
Uskayaw
Vehumet
Wu Jian
Zin
Beogh

Shops:
D:7 [   D:15 :   Orc:2 }%([   Elf:1 (   Elf:3 }}=   Vaults:1 ?

Annotations:
Lair:6 3 runed doors, darkdagon605's ghost, journeyman DsAK
Shoals:1 exclusion: oklob plant
Shoals:2 1 runed door, exclusion: Roxanne, Inuluch's ghost, adept MfBe; Roxanne
Spider:2 Nikola
Orc:1 3 runed doors, Zetait's ghost, journeyman MiBe


Innate Abilities, Weirdness & Mutations

You cannot wear armour.
You are incapable of wielding weapons or throwing items.
Your paws allow you to move quietly. (Stealth)
You have sharp claws.
You have razor-sharp teeth.
You have supernaturally acute eyesight. (SInv)
You are carnivorous and can eat meat at any time.
You cover ground quickly.
Your thick and shaggy fur keeps you warm. (AC +3, rC+)
You have a slow metabolism.
Your sharp claws are effective at attacking unaware monsters.
You have a pair of small antennae on your head.
You are surrounded by a mild repulsion field. (EV +2)
You are partially covered in icy blue scales. (AC +2)
You are partially covered in iridescent scales. (AC +2)
You are agile. (Dex +2)
Your mind is acute. (Int +2)
You are robust. (+10% HP)
Your spells are a little harder to cast, but a little more powerful.
You evolve.


Message History

You kill the deep elf sorcerer!
Trog accepts your kill.
Trog appreciates your killing of a magic user.
A deep elf annihilator comes into view. It is wielding a +0 rapier.
The deep elf master archer wields a +0 longbow.
The deep elf master archer shoots an arrow.
The arrow completely misses you.
Evoke which item? (* to show all) (? for menu, Esc to quit)
Aiming: Enslavement
Press: ? - help, Shift-Dir - straight line, f - deep elf annihilator
Aim: a deep elf annihilator, wielding a +0 rapier and wearing a +0 scale mail (chance to defeat MR: 6%)
Okay, then.
Unknown command.
You barely miss the deep elf annihilator.
The deep elf master archer shoots an arrow.
The arrow hits you!!
The deep elf annihilator gestures at you while chanting.
The crystal spear hits you!!!
Ouch! That really hurt!
You die...

..♣♣### ##........##
♣♣♣##.####..........#
####.....'..........#
..####...'.........##
..# #.###.....)..##
..# #.# ##..))..##
..# #.# ##...)e.# .##
### #.....e.# '#
##.#.)#@# .#
**#.#.)###** .#
**,###..#**,** .#
**,,,*#.)#*,,,** .#
**,,,,,#..#,,,,,** .#
**,,,*,.....,,*,,,**
##
*,,,*##......***,,,*
**,..#........*,,,**
**............,,**


You could see a deep elf master archer and a deep elf annihilator.

Vanquished Creatures
  Frederick (Vaults:4)
  Arachne (Spider:4)
  A tentacled monstrosity (Vaults:4)
  A lich (Vaults:1)
  Rupert (Lair:4)
  A quicksilver dragon (Shoals:1)
  2 deep elf blademasters
  A shadow dragon (D:12)
  Kirke (Elf:1)
  A tengu reaver (Vaults:1)
  5 frost giants
  7 deep elf sorcerers
  A fire giant (Vaults:4)
  4 ghost moths
  5 emperor scorpions
  Louise (Shoals:4)
  6 vault wardens
  7 ironheart preservers
  3 ghouls
  An iron dragon (Vaults:3)
  4 deep elf elementalists (Elf:3)
  8 stone giants
  7 deep elf demonologists
  3 entropy weavers
  A vampire knight (Vaults:3)
  Azrael (Spider:2)
  9 deep elf annihilators
  3 spark wasps
  A dire elephant (D:15)
  5 merfolk javelineers
  3 ettins
  6 deep elf death magi
  8 yaktaur captains
  A crystal guardian (Vaults:4)
  A deep elf high priest (Elf:3)
  3 great orbs of eyes
  8 merfolk impalers
  Josephine (Lair:5)
  6 hydras
  2 vault guards (D:14)
  3 ice dragons
  10 centaur warriors
  4 death knights
  3 merfolk avatars
  An alligator snapping turtle (Shoals:4)
  20 two-headed ogres
  4 satyrs (Shoals:4)
  28 dancing weapons
  2 tengu warriors (D:13)
  3 merfolk aquamancers
  7 ogre magi
  2 deep troll earth magi (Vaults:3)
  2 deep troll shamans (Vaults:3)
  Urug (D:11)
  An orc high priest (Orc:2)
  23 deep elf knights
  Nergalle (Lair:3)
  2 shadow wraiths
  6 skeletal warriors
  2 unseen horrors
  6 deep trolls (Vaults:3)
  11 sea snakes
  A glowing orange brain (Vaults:4)
  A flayed ghost (Vaults:2)
  13 harpies
  7 wizards
  10 ironbrand convokers
  8 orc knights
  13 deep elf archers
  A phantasmal warrior (Vaults:4)
  5 necromancers
  25 wolf spiders
  6 fauns (Shoals:1)
  4 orc sorcerers (Orc:2)
  10 orb spiders
  24 ugly things
  2 human zombies
  12 manticores
  5 oklob plants
  8 cyclopes
  A stone giant skeleton (Vaults:1)
  A fire giant skeleton (Vaults:2)
  7 black mambas
  8 merfolk sirens
  74 deep elf magi
  5 moths of wrath
  2 centaur zombies (D:13)
  A salamander (D:15)
  A naga mage (Vaults:1)
  4 water nymphs
  4 elephants
  10 vault sentinels
  2 gargoyles
  A torpor snail (Spider:3)
  3 centaur skeletons
  18 spiny frogs
  9 freezing wraiths
  22 yaktaurs
  A yaktaur (shapeshifter) (Vaults:4)
  10 demonic crawlers
  5 komodo dragons
  A yaktaur skeleton (Vaults:1)
  7 polar bears
  5 wind drakes
  17 jumping spiders
  9 trolls
  7 harpy zombies (Shoals:3)
  A tengu conjurer (Vaults:1)
  34 merfolk
  A queen bee (shapeshifter) (Vaults:4)
  A hornet (shapeshifter) (Vaults:3)
  Prince Ribbit (D:5)
  17 hornets
  24 blink frogs
  Grinder (D:6)
  22 slime creatures
  A raiju (shapeshifter) (Vaults:3)
  15 snapping turtles
  22 dream sheep
  A stone giant simulacrum (Vaults:2)
  13 hippogriffs
  14 spriggans (Lair:6)
  33 yaks
  58 redbacks
  8 wraiths
  27 tarantellas
  12 water elementals
  An air elemental (Elf:2)
  4 wyverns
  5 basilisks
  Eustachio (D:6)
  9 fire elementals
  A human (shapeshifter) (Vaults:1)
  A fire bat (Bailey)
  2 vampires (D:15)
  20 humans (D:14)
  8 vampire mosquitoes
  A steam dragon (Orc:2)
  2 hungry ghosts
  5 wargs
  An ogre zombie (Vaults:1)
  An elf zombie (Vaults:1)
  4 acid dragons
  A soldier ant (D:12)
  2 hell hounds (Spider:2)
  A soldier ant (shapeshifter) (D:15)
  Duvessa (D:4)
  12 water moccasins
  12 porcupines
  5 sky beasts
  54 orc warriors
  7 ice beasts
  A black bear (shapeshifter) (Vaults:3)
  6 black bears
  10 phantoms
  An eye of draining (shapeshifter) (Vaults:1)
  30 boggarts
  27 centaurs
  25 ogres
  31 wolves
  13 crocodiles
  A big kobold (D:11)
  A gnoll sergeant (D:11)
  14 bullfrogs
  4 earth elementals
  Dowan (D:4)
  8 scorpions
  A human simulacrum (Vaults:1)
  15 killer bees
  An orc simulacrum (Vaults:1)
  6 wights
  2 electric eels
  11 crimson imps
  12 howler monkeys
  4 bullfrog zombies
  7 hounds
  27 orc priests
  Crazy Yiuf (D:7)
  4 bullfrog skeletons
  37 orc wizards
  5 iguanas
  12 human skeletons (Vaults:4)
  10 worker ants
  2 hound zombies
  3 hound skeletons
  2 mummies
  3 gnolls (D:11)
  2 howler monkey skeletons
  22 adders
  4 shadow imps
  An ufetubus (Vaults:4)
  4 oozes
  An adder zombie (D:5)
  7 worms
  2 dart slugs
  4 leopard geckos
  143 orcs
  10 bats
  7 giant cockroaches
  13 goblins
  10 hobgoblins
  13 jackals
  4 quokkas
  A ball python (D:2)
  7 frilled lizards
  4 gnoll skeletons (Ossuary)
  A goblin zombie (D:7)
  12 kobolds
  8 kobold skeletons (Ossuary)
  A kobold zombie (D:7)
  13 orc skeletons (Ossuary)
  A quokka skeleton (D:6)
  5 rats
  A bush (D:13)
1770 creatures vanquished.

Vanquished Creatures (collateral kills)
  Saint Roka (Orc:2)
  Snorg (Lair:5)
  4 hydras
  A two-headed ogre (D:13)
  A cyclops (D:14)
  4 dream sheep (Lair:6)
  6 slime creatures (D:14)
  A yak (Lair:6)
  A wraith (Ossuary)
  A water moccasin (Lair:6)
  A phantom (D:14)
  3 wolves (Lair:6)
  An orc wizard (Orc:2)
  An orc (Orc:2)
27 creatures vanquished.

Vanquished Creatures (others)
  A boggart (Vaults:3)
  An orc wizard (Orc:2)
  A bush (Lair:6)
  12 fungi
  19 plants
  8 tentacles (Shoals:1)
42 creatures vanquished.

Grand Total: 1839 creatures vanquished

Notes
Turn   | Place    | Note
-------+----------+-------------------------------------------
     0 | D:1      | Inarius the Felid Berserker began the quest for the Orb.
     0 | D:1      | Reached XP level 1. HP: 10/10 MP: 2/2
   332 | D:1      | Reached XP level 2. HP: 14/14 MP: 3/3
   637 | D:1      | Reached skill level 1 in Stealth
   984 | D:1      | Reached XP level 3. HP: 17/17 MP: 4/4
  1123 | D:2      | Reached ** piety under Trog
  1539 | D:2      | Reached XP level 4. HP: 21/21 MP: 5/5
  1647 | D:2      | Found a faded altar of an unknown god.
  1825 | D:2      | Upgraded the game from 0.23-a0-831-g5da158a to
                  | 0.23-a0-837-ga3e6480
  2317 | D:3      | Found a burning altar of Makhleb.
  2410 | D:3      | You fall through a shaft for 3 floors!
  2410 | D:6      | Found a hazy altar of Hepliaklqana.
  2453 | D:6      | Found an iron altar of Okawaru.
  2463 | D:6      | Reached XP level 5. HP: 20/25 MP: 6/6
  2619 | D:5      | Entered Level 5 of the Dungeon
  2619 | D:5      | Found a sacrificial altar of Ru.
  2619 | D:5      | Noticed a sky beast
  2632 | D:5      | Killed a sky beast
  2632 | D:5      | Reached skill level 5 in Stealth
  2632 | D:5      | Reached skill level 4 in Unarmed Combat
  2632 | D:5      | Reached skill level 1 in Evocations
  2708 | D:5      | Gained mutation: You are covered in thick fur. (AC +2)
                  | [Felid growth]
  2708 | D:5      | Reached XP level 6. HP: 28/28 MP: 6/8
  2747 | D:5      | Noticed Prince Ribbit
  2865 | D:4      | Reached *** piety under Trog
  3379 | D:3      | Found a stormy altar of Qazlal.
  3379 | D:3      | Found a sparkling altar of Nemelex Xobeh.
  3379 | D:3      | Found an ornate altar of the Wu Jian Council.
  3750 | D:4      | Found a staircase to the Ecumenical Temple.
  3757 | D:4      | Reached skill level 5 in Unarmed Combat
  3757 | D:4      | Reached XP level 7. HP: 32/32 MP: 9/9
  4154 | D:4      | Noticed Duvessa
  4155 | D:4      | Noticed Dowan
  4167 | D:4      | Killed Duvessa
  4167 | D:4      | Reached skill level 5 in Dodging
  4180 | D:4      | Killed Dowan
  4425 | D:4      | Found a hide-covered altar of Uskayaw.
  4760 | D:4      | Found a blossoming altar of Fedhas.
  4770 | D:4      | Found a glowing silver altar of Zin.
  5177 | D:5      | Reached XP level 8. HP: 13/36 MP: 11/11
  5399 | D:5      | Killed Prince Ribbit
  5399 | D:5      | Reached skill level 5 in Fighting
  5399 | D:5      | Reached skill level 6 in Unarmed Combat
  5698 | D:5      | You fall through a shaft for 3 floors!
  5702 | D:8      | Reached **** piety under Trog
  5772 | D:7      | Reached skill level 7 in Unarmed Combat
  5785 | D:7      | Found Relomiguma's Antique Armour Shop.
  5796 | D:7      | Found a sand-covered staircase.
  5806 | Ossuary  | Entered an ossuary
  5946 | Ossuary  | HP: 1/55 [wraith (11)]
  5947 | Ossuary  | Mangled by a wraith
  5948 | Ossuary  | Reached XP level 7. HP: -8/49 MP: 11/11
  5955 | Ossuary  | Killed a wraith
  6121 | D:6      | Reached XP level 8. HP: 37/37 MP: 12/12
  6338 | D:6      | Noticed Grinder
  6355 | D:6      | Killed Grinder
  6600 | D:5      | Found an opulent altar of Gozag.
  6800 | D:6      | Noticed Eustachio
  6965 | D:6      | Reached skill level 8 in Unarmed Combat
  7049 | D:6      | Killed Eustachio
  7049 | D:6      | Reached skill level 10 in Stealth
  7288 | D:6      | Reached XP level 9. HP: 41/41 MP: 13/13
  7304 | D:6      | Reached skill level 5 in Evocations
  7409 | D:6      | Found a shattered altar of Ashenzari.
  8511 | D:7      | Reached skill level 9 in Unarmed Combat
  8677 | D:7      | Found a runed door.
  9056 | D:7      | Noticed Crazy Yiuf
  9060 | D:7      | Killed Crazy Yiuf
  9504 | D:8      | Gained mutation: You are frail. (-10% HP) [potion of
                  | mutation]
  9504 | D:8      | Gained mutation: Your body sometimes deteriorates upon
                  | taking damage. [potion of mutation]
  9504 | D:8      | Gained mutation: Your spells are a little easier to cast,
                  | but a little less powerful. [potion of mutation]
  9504 | D:8      | Gained mutation: Your thick and shaggy fur keeps you warm.
                  | (AC +3, rC+) [potion of mutation]
  9505 | D:8      | Lost mutation: You are frail. (-10% HP) [potion of
                  | mutation]
  9505 | D:8      | Lost mutation: Your body sometimes deteriorates upon taking
                  | damage. [potion of mutation]
  9505 | D:8      | Lost mutation: Your spells are a little easier to cast, but
                  | a little less powerful. [potion of mutation]
  9626 | D:8      | Noticed an elephant
  9627 | D:8      | Found a staircase to the Lair.
  9646 | D:8      | Killed an elephant
  9647 | D:8      | Reached XP level 10. HP: 46/46 MP: 15/15
 10262 | D:9      | Reached skill level 10 in Unarmed Combat
 10390 | D:9      | Found a shadowy altar of Dithmenos.
 10873 | D:10     | Entered Level 10 of the Dungeon
 10875 | D:10     | Reached ***** piety under Trog
 11164 | D:10     | Noticed a two-headed ogre
 11166 | D:10     | Found a staircase to the Orcish Mines.
 11176 | D:10     | Killed a two-headed ogre
 11463 | D:10     | Reached skill level 11 in Unarmed Combat
 11463 | D:10     | Reached XP level 11. HP: 51/51 MP: 17/17
 11509 | D:10     | Noticed a two-headed ogre
 11530 | D:10     | Killed a two-headed ogre
 12313 | D:11     | Noticed Urug
 12318 | D:11     | Killed Urug
 12740 | D:11     | Found a sparkling altar of Nemelex Xobeh.
 13107 | D:11     | Reached skill level 12 in Unarmed Combat
 14731 | Lair:1   | Entered Level 1 of the Lair of Beasts
 15066 | Lair:1   | Mutation became permanent: You are covered in thick fur.
                  | (AC +2) [Felid growth]
 15066 | Lair:1   | Gained mutation: Your thick and shaggy fur keeps you warm.
                  | (AC +3, rC+) [Felid growth]
 15066 | Lair:1   | Reached XP level 12. HP: 50/56 MP: 19/19
 15098 | Lair:1   | Upgraded the game from 0.23-a0-837-ga3e6480 to
                  | 0.23-a0-839-g6d2b917
 15144 | Lair:1   | Reached ****** piety under Trog
 16025 | Lair:1   | Gained mutation: You are partially covered in iridescent
                  | scales. (AC +2) [potion of mutation]
 16025 | Lair:1   | Gained mutation: Your spells are a little harder to cast,
                  | but a little more powerful. [potion of mutation]
 16025 | Lair:1   | Gained mutation: You evolve. [potion of mutation]
 16423 | Lair:2   | Noticed a five-headed hydra
 16624 | Lair:2   | Killed a five-headed hydra
 16624 | Lair:2   | Reached skill level 13 in Unarmed Combat
 16883 | Lair:2   | Noticed an eight-headed hydra
 16890 | Lair:2   | Killed an eight-headed hydra
 17857 | Lair:3   | Found a staircase to the Shoals.
 18070 | Lair:3   | You fall through a shaft!
 18194 | Lair:3   | Found a hole to the Spider Nest.
 18797 | Lair:3   | Noticed Nergalle
 18799 | Lair:3   | Killed Nergalle
 19184 | Lair:4   | Gained mutation: You are surrounded by a mild repulsion
                  | field. (EV +2) [evolution]
 19239 | Lair:4   | Reached skill level 10 in Dodging
 19545 | Lair:4   | Reached XP level 13. HP: 61/61 MP: 21/21
 19607 | Lair:4   | Reached skill level 14 in Unarmed Combat
 19701 | Lair:4   | Noticed Rupert
 19723 | Lair:4   | Killed Rupert
 19978 | Lair:5   | Reached skill level 10 in Fighting
 19988 | Lair:5   | Reached skill level 10 in Evocations
 20149 | Lair:5   | Noticed Josephine
 20184 | Lair:5   | Gained mutation: You have an increased reservoir of magic.
                  | (+10% MP) [evolution]
 20288 | Lair:5   | Killed Josephine
 20543 | Lair:5   | Noticed Snorg
 21395 | Lair:5   | Killed Snorg
 22186 | Lair:6   | Entered Level 6 of the Lair of Beasts
 22469 | Lair:6   | Found a runed gate.
 22469 | Lair:6   | Found a runed gate.
 22482 | Lair:6   | Noticed darkdagon605's ghost (journeyman DsAK)
 22611 | Lair:5   | Gained mutation: You are partially covered in icy blue
                  | scales. (AC +2) [evolution]
 22968 | Lair:6   | Reached skill level 15 in Unarmed Combat
 23990 | Lair:6   | Reached XP level 14. HP: 66/66 MP: 25/25
 24196 | Lair:6   | Found a staircase to the Slime Pits.
 24241 | Lair:6   | Lost mutation: Your spells are a little harder to cast, but
                  | a little more powerful. [evolution]
 24726 | Lair:6   | Found a runed gate.
 24954 | Lair:6   | Identified the +7 dagger of the Moon {venom, rElec rC+ rN+}
 26542 | D:12     | Reached skill level 16 in Unarmed Combat
 27359 | D:12     | Noticed a shadow dragon
 27475 | D:12     | Killed a shadow dragon
 27781 | Orc:1    | Entered Level 1 of the Orcish Mines
 28123 | Orc:2    | Entered Level 2 of the Orcish Mines
 28294 | Orc:2    | Found a roughly hewn altar of Beogh.
 28433 | Orc:2    | Found Tomus's Gadget Shoppe.
 28496 | Orc:2    | Found a staircase to the Elven Halls.
 28791 | Orc:1    | Found a runed gate.
 28791 | Orc:1    | Found a runed gate.
 28792 | Orc:1    | Found a runed gate.
 28792 | Orc:1    | Noticed Zetait's ghost (journeyman MiBe)
 29326 | Orc:2    | Reached XP level 15. HP: 72/72 MP: 27/27
 29509 | Orc:2    | Found a roughly hewn altar of Beogh.
 29711 | Orc:2    | Found a roughly hewn altar of Beogh.
 29783 | Orc:2    | Found a roughly hewn altar of Beogh.
 29859 | Orc:2    | Found a roughly hewn altar of Beogh.
 29865 | Orc:2    | Found Wuthreurgh's Food Emporium.
 30084 | Orc:2    | Noticed Saint Roka
 30131 | Orc:2    | Killed Saint Roka
 30199 | Orc:2    | Found a roughly hewn altar of Beogh.
 30340 | Orc:2    | Found a roughly hewn altar of Beogh.
 30340 | Orc:2    | Found Nohyeps's Antique Armour Shop.
 30341 | Orc:2    | Found Guecaur's Antique Weapon Boutique.
 30652 | Orc:2    | Bought a wand of clouds (5) for 432 gold pieces
 30652 | Orc:2    | Bought a wand of iceblast (7) for 176 gold pieces
 30652 | Orc:2    | Bought a wand of disintegration (13) for 272 gold pieces
 30652 | Orc:2    | Bought a wand of paralysis (5) for 112 gold pieces
 30652 | Orc:2    | Bought a wand of iceblast (7) for 176 gold pieces
 30652 | Orc:2    | Bought a wand of acid (3) for 224 gold pieces
 30652 | Orc:2    | Bought a lightning rod (4/4) for 640 gold pieces
 30652 | Orc:2    | Bought a wand of flame (24) for 208 gold pieces
 30847 | D:13     | Found a flagged portal.
 31198 | D:12     | Reached skill level 17 in Unarmed Combat
 31311 | Bailey   | Entered a bailey
 31738 | Bailey   | Gained mutation: You are robust. (+10% HP) [evolution]
 31797 | Bailey   | Identified the +9 bardiche "Jievat" {chop, Int+3}
 32166 | D:13     | Reached skill level 15 in Stealth
 32240 | D:13     | Identified a scroll of acquirement
 32243 | D:13     | Got a slimy turquoise ring
 32248 | D:13     | Identified the ring of Kyud Capu {Str+2 Dex+3} (You
                  | acquired it on level 13 of the Dungeon)
 32771 | D:13     | Found a blossoming altar of Fedhas.
 33675 | D:14     | Found a gate to the Vaults.
 33961 | D:15     | Entered Level 15 of the Dungeon
 34156 | D:15     | Found Muqenaf's Book Shoppe.
 34416 | D:15     | Gained mutation: You are agile. (Dex +2) [evolution]
 34711 | D:15     | Found a staircase to the Depths.
 35192 | Spider:1 | Entered Level 1 of the Spider Nest
 35227 | Lair:3   | Reached XP level 16. HP: 32/84 MP: 29/29
 35940 | Spider:2 | Reached skill level 18 in Unarmed Combat
 36311 | Spider:2 | Noticed Azrael
 36323 | Spider:2 | Killed Azrael
 36462 | Spider:2 | Noticed Nikola
 37296 | Spider:3 | Upgraded the game from 0.23-a0-839-g6d2b917 to
                  | 0.23-a0-844-gdc03e01
 37296 | Spider:3 | Gained mutation: Your spells are a little harder to cast,
                  | but a little more powerful. [evolution]
 38795 | Shoals:1 | Entered Level 1 of the Shoals
 38895 | Shoals:1 | Noticed a kraken
 38975 | Shoals:1 | Noticed a quicksilver dragon
 38975 | Shoals:1 | a kraken changed into a quicksilver dragon
 38982 | Shoals:1 | Killed a quicksilver dragon
 39414 | Shoals:1 | HP: 1/85 [merfolk javelineer/javelin (9)]
 40276 | Shoals:2 | Identified Roxanne's Handbook of Clay
 40276 | Shoals:2 | Noticed Roxanne
 40627 | Shoals:2 | Found a runed door.
 40627 | Shoals:2 | Noticed Inuluch's ghost (adept MfBe)
 40643 | Shoals:2 | Reached XP level 17. HP: 90/90 MP: 31/31
 41150 | Shoals:3 | Reached skill level 19 in Unarmed Combat
 41969 | Shoals:3 | Upgraded the game from 0.23-a0-844-gdc03e01 to
                  | 0.23-a0-860-g8ff03fb
 41980 | Shoals:4 | Entered Level 4 of the Shoals
 42374 | Shoals:4 | Noticed Louise
 42542 | Shoals:4 | Killed Louise
 42910 | Shoals:4 | Shot with an arrow by a satyr
 42911 | Shoals:4 | Reached XP level 16. HP: -6/85 MP: 30/30
 43193 | Shoals:4 | Got a transparent brass ring
 43196 | Shoals:4 | Identified the ring "Nikiggym" {Dex+2 SInv} (You found it
                  | on level 4 of the Shoals)
 44025 | Shoals:4 | Got a barnacled rune of Zot
 44284 | Shoals:4 | Gained mutation: Your mind is acute. (Int +2) [evolution]
 44720 | Spider:4 | Entered Level 4 of the Spider Nest
 44805 | Spider:4 | Noticed Arachne
 44994 | Spider:4 | Killed Arachne
 46021 | Spider:4 | Reached XP level 17. HP: 67/91 MP: 31/31
 46165 | Spider:4 | Reached skill level 15 in Dodging
 46421 | Spider:4 | Reached skill level 20 in Unarmed Combat
 47149 | Spider:4 | Got a gossamer rune of Zot
 47494 | Vaults:1 | Entered Level 1 of the Vaults
 47592 | Vaults:1 | Found Zeujaen's Magic Scroll Shoppe.
 47610 | Vaults:1 | Bought a scroll of teleportation for 54 gold pieces
 48941 | Vaults:1 | Noticed an Ice Fiend
 49224 | Vaults:1 | Found a radiant altar of Vehumet.
 49224 | Vaults:1 | Noticed a lich
 49234 | Vaults:1 | Killed a lich
 50641 | Vaults:2 | Reached XP level 18. HP: 95/96 MP: 32/32
 50755 | Vaults:2 | Reached skill level 21 in Unarmed Combat
 50961 | Elf:1    | Entered Level 1 of the Elven Halls
 51373 | Elf:1    | Identified the Almanac of the Escort
 51862 | Elf:1    | You fall through a shaft!
 51864 | Elf:2    | Found a huge runed translucent gate.
 51864 | Elf:2    | Found a huge runed translucent gate.
 51864 | Elf:2    | Found a huge runed translucent gate.
 52371 | Elf:1    | Reached skill level 15 in Fighting
 52430 | Elf:1    | Found Ciwnumas's Antique Weapon Boutique.
 52631 | Elf:1    | Noticed Kirke
 52661 | Elf:1    | Killed Kirke
 53280 | Elf:1    | Lost mutation: You have an increased reservoir of magic.
                  | (+10% MP) [evolution]
 54310 | Elf:2    | Found a huge runed translucent gate.
 54310 | Elf:2    | Found a huge runed translucent gate.
 56032 | Vaults:2 | Reached XP level 19. HP: 102/102 MP: 30/30
 56130 | Vaults:2 | Reached skill level 22 in Unarmed Combat
 56161 | Vaults:2 | Upgraded the game from 0.23-a0-860-g8ff03fb to
                  | 0.23-a0-890-gc183402
 57719 | Vaults:3 | Hit by a large rock thrown by a stone giant
 57720 | Vaults:3 | Reached XP level 18. HP: -6/148 MP: 29/29
 57779 | Vaults:3 | Shot with a bolt by a yaktaur captain
 57780 | Vaults:3 | Reached XP level 17. HP: -5/93 MP: 28/28
 58087 | Vaults:3 | Found a staircase to the Crypt.
 58664 | Vaults:3 | HP: 3/94 [yaktaur captain/bolt (26)]
 59016 | Vaults:3 | Reached XP level 18. HP: 99/99 MP: 29/29
 59141 | Vaults:3 | Identified the +5 crystal plate armour "Ulehar" {rC++ rCorr
                  | Dex+3 Stlth-} (You found it on level 3 of the Vaults)
 59541 | Vaults:3 | Gained mutation: You have a pair of small antennae on your
                  | head. [evolution]
 59624 | Vaults:4 | Noticed a tentacled monstrosity
 59627 | Vaults:4 | Killed a tentacled monstrosity
 59758 | Vaults:4 | Reached skill level 23 in Unarmed Combat
 59801 | Vaults:4 | Noticed Frederick
 59803 | Vaults:4 | Killed Frederick
 61689 | Elf:3    | Entered Level 3 of the Elven Halls
 61722 | Elf:3    | Found Jicvuna's Jewellery Shoppe.
 61722 | Elf:3    | Found Kekula's Gadget Boutique.
 61723 | Elf:3    | Found Aginij's Gadget Boutique.
 61728 | Elf:3    | Bought a wand of clouds (7) for 396 gold pieces
 61731 | Elf:3    | Bought the ring "Isit" {rPois rN+++ MP+9 Int-3} for 727
                  | gold pieces
 61738 | Elf:3    | Bought a wand of disintegration (8) for 144 gold pieces
 61738 | Elf:3    | Bought a wand of acid (8) for 288 gold pieces
 61738 | Elf:3    | Bought a wand of enslavement (7) for 108 gold pieces
 61958 | Elf:3    | Noticed a Hell Sentinel
 62976 | Elf:3    | Noticed a Brimstone Fiend
 63131 | Elf:3    | Reached XP level 19. HP: 102/104 MP: 30/30
 63220 | Elf:3    | HP: 3/104 [deep elf annihilator/crystal spear (66)]
 64050 | Elf:3    | Identified the +6 plate armour of Listlessness {-Cast rElec
                  | Int+5}
 64059 | Elf:3    | Killed from afar by a deep elf annihilator

Vault maps used:
D:1:      wander_arrival_lonely_grave, minmay_small_reverse_x
D:2:      chequers_ecumenical_altar_lobes, chequers_avenue
D:3:      kennysheep_big_flooded_room, bloody_makhleb,
          gammafunk_temple_overflow_claw
D:4:      amethyst_overflow_temple_binary, kennysheep_mini_moat,
          minmay_temple_entry_butterflies, minmay_pentomino_pile, uniq_duvessa
D:5:      overflow_temple_1_default, grunt_gozag_breadcrumbs, first_ration,
          uniq_prince_ribbit1
D:6:      okawaru_altar_gauntlet_db, nicolae_overflow_crystal_walls,
          evilmike_ruin_ashenzari, chequers_jeans, minivault_10, minmay_bent,
          uniq_grinder, uniq_eustachio
D:7:      serial_shops, shop_statue, nicolae_ossuary_entry_giza,
          uniq_crazy_yiuf_cottage
D:8:      david_lair_generic
D:9:      overflow_temple_1_default
D:10:     hangedman_cross_cluster
D:11:     basic_altar, grunt_pizzeria, uniq_urug
D:12:     evilmike_diamond_1
D:13:     enter_bailey_3, fedhas_bush_and_centaur_altar
D:14:     grunt_vaults_entry_tiered
D:15:     hangedman_depths_entry_try_elsewhere_first, hangedman_decor_opposing,
          serial_shops, shop, nrook_mini_vaults, grunt_ministairs_13
Lair:1:   lemuel_fruit_fields
Lair:2:   infiniplex_staircase_pool_2
Lair:3:   shoals_dummy_entry, nicolae_spider_entry_non_spiders, uniq_nergalle
Lair:4:   uniq_rupert
Lair:5:   minivault_11, lemuel_fruit_tree, uniq_josephine, uniq_snorg
Lair:6:   minmay_lair_end_enchanted_forest, minmay_slime_entry_oklob_enclosed,
          gammafunk_ghost_split, grunt_forest_large_clearing_hut
Shoals:1: nicolae_shoals_seven_spires, nicolae_shoals_this_corrosion
Shoals:2: ebering_ghost_reflecting_pool, uniq_roxanne
Shoals:3: nicolae_shoals_undead_eyrie
Shoals:4: shoals_end_grunt_ice, uniq_louise
Spider:2: uniq_nikola, uniq_azrael
Spider:4: spider_rune_water, uniq_arachne
Orc:1:    gammafunk_ghost_split, nicolae_orc_lava_room
Orc:2:    grunt_orc_community_town_hall, grunt_orc_community_big_house_2,
          grunt_orc_community_big_house_1, grunt_orc_community_house_1,
          grunt_orc_community_house_3, grunt_orc_community_house_3,
          grunt_orc_community_house_1, grunt_orc_community_house_3,
          grunt_orc_community_house_3, basic_altar
Elf:1:    serial_shops, nicolae_shop_trees, minmay_elf_demonology,
          grunt_megastairs_1, uniq_kirke
Elf:2:    corexii_leaking_fountain, minivault_16
Elf:3:    minmay_elf_hall_x, grunt_megastairs_2, minmay_shop_grove
Vaults:1: grunt_vaults_bifocal, grunt_tower_of_power, v_misc_33,
          nicolae_vaults_puzzle_piece, vaults_mumra_minichess_inversion,
          v_misc_2, v_misc_18, nicolae_vaults_specimen_jars,
          vaults_room_semicircle, nicolae_vaults_little_squares_3, v_misc_23,
          vaults_room_corners, ontoclasm_vaults_pinch,
          ontoclasm_vaults_decontamination, serial_shops, nicolae_shop_trees
Vaults:2: vaults_room_door_ring, ontoclasm_vaults_twist, vaults_dpeg_ring,
          hangedman_vaults_stitches, ontoclasm_vaults_loading_screen,
          hangedman_vaults_corner_blocks, vaults_room_hallway,
          dpeg_vaults_pockets_of_resistance, ontoclasm_vaults_eye,
          hangedman_vaults_trim, vaults_room_door_hall
Vaults:3: hangedman_vaults_unwind, ontoclasm_vaults_echo, vaults_room_door_hall,
          minmay_crypt_entry_simple_corners, vaults_dpeg_cross,
          vaults_room_semicircle, vaults_mumra_chevron_long,
          grunt_vaults_hallway_long, ontoclasm_vaults_loading_screen,
          vaults_dpeg_diagonal, hangedman_vaults_impose, v_misc_8,
          hangedman_vaults_nails, hangedman_vaults_locks, v_misc_11,
          grunt_vaults_focal
Vaults:4: v_pattern_4, serial_ice_b, vaults_room_door_ring,
          nicolae_vaults_network_star, nicolae_vaults_lopsided_apartments,
          nicolae_vaults_disjoint_gnomons, ontoclasm_vaults_spin,
          dpeg_vaults_monster_row, nicolae_vaults_gold_heap,
          ontoclasm_vaults_ligature, hangedman_vaults_capsules,
          vaults_room_pools, nicolae_vaults_theta, v_misc_23, uniq_frederick
Ossuary:  ossuary_due_mausoleum
Bailey:   bailey_polearm_flooded_kennysheep, bailey

Skill      XL: |  1  2  3  4  5  6  7  8  9 10 11 12 13 14 15 16 17 18 19 |
---------------+----------------------------------------------------------+-----
Stealth        | 1 2 4 5 6 9 10 11 12 13 14 15 16 18 21 | 21.6
Unarmed Combat | 4 5 8 9 11 12 13 15 16 17 18 20 23 22 | 23.8
Evocations     | 1 2 3 4 6 7 8 9 10 11 12 13 14 | 14.6
Fighting       | 4 6 7 8 9 10 11 12 14 16 15 | 16.6
Dodging        | 5 6 7 9 10 11 12 14 15 17 | 17.3

Action                   |  1- 3 |  4- 6 |  7- 9 | 10-12 | 13-15 | 16-18 | 19-21 || total
-------------------------+-------+-------+-------+-------+-------+-------+-------++-------
Melee: Unarmed           |    93 |   146 |   334 |   658 |  1480 |  2489 |   343 ||  5543
       Bite              |     6 |    10 |    33 |    74 |   203 |   409 |    66 ||   801
       Punch             |       |     1 |    12 |    42 |   153 |   359 |    49 ||   616
Invok: Berserk           |     3 |    10 |    17 |    37 |    41 |    70 |    13 ||   191
       Trog's Hand       |       |       |     7 |     6 |    11 |    26 |     6 ||    56
       Brothers in Arms  |       |       |     1 |       |    10 |       |       ||    11
Evoke: Wand              |       |       |    23 |    20 |    69 |   135 |    11 ||   258
  Use: Scroll            |       |     6 |    14 |     9 |    16 |    19 |     1 ||    65
       Potion            |       |       |     3 |     1 |     3 |    10 |       ||    17
 Stab: Sleeping          |    12 |    14 |    22 |    28 |    46 |    87 |     5 ||   214
       Distracted        |       |       |     1 |     3 |    13 |    19 |     1 ||    37
       Confused          |       |       |       |       |     2 |       |       ||     2
       Paralysed         |       |       |       |       |     1 |     3 |       ||     4
  Eat: Chunk             |    10 |    13 |    36 |    61 |    71 |   144 |    17 ||   352
Armor: Skin              |     9 |     8 |    11 |    19 |    82 |    88 |     4 ||   221
Dodge: Dodged            |    74 |   126 |   224 |   500 |  1444 |  2430 |   191 ||  4989

Table legend:
 A = Non-vault XP
 B = Vault XP
 C = Vault XP percentage of total XP
 D = Non-vault monster count
 E = Vault monster count
 F = Vault count percentage of total count
                 A         B        C        D         E       F
            +---------+---------+-------+---------+---------+-------
      Total |  360382 |  286601 |  44.3 |    1159 |     637 |  35.5
            +---------+---------+-------+---------+---------+-------
        D:1 |      34 |       7 |  17.1 |      18 |       4 |  18.2
        D:2 |     124 |       0 |   0.0 |      29 |       0 |   0.0
        D:3 |      59 |       6 |   9.2 |      17 |       2 |  10.5
        D:4 |     465 |     241 |  34.1 |      16 |       3 |  15.8
        D:5 |    1222 |     291 |  19.2 |      33 |       1 |   2.9
        D:6 |     705 |     678 |  49.0 |      12 |      13 |  52.0
        D:7 |    1312 |      60 |   4.4 |      20 |       4 |  16.7
        D:8 |     757 |    1095 |  59.1 |      17 |       4 |  19.0
        D:9 |    2715 |       0 |   0.0 |      36 |       0 |   0.0
       D:10 |    2763 |    2187 |  44.2 |      23 |      22 |  48.9
       D:11 |    4403 |     960 |  17.9 |      48 |       2 |   4.0
       D:12 |    8495 |    8795 |  50.9 |      38 |      30 |  44.1
       D:13 |   15994 |     115 |   0.7 |      40 |       1 |   2.4
       D:14 |    3820 |    7688 |  66.8 |      21 |      25 |  54.3
       D:15 |    3647 |    3068 |  45.7 |      19 |       5 |  20.8
     Lair:1 |    5364 |       0 |   0.0 |      24 |       0 |   0.0
     Lair:2 |    3331 |       0 |   0.0 |       9 |       0 |   0.0
     Lair:3 |    7042 |    1036 |  12.8 |      26 |       9 |  25.7
     Lair:4 |    4869 |    2954 |  37.8 |      21 |       1 |   4.5
     Lair:5 |    9123 |    2728 |  23.0 |      33 |       7 |  17.5
     Lair:6 |   13683 |   12775 |  48.3 |      53 |      53 |  50.0
   Shoals:1 |   17724 |     948 |   5.1 |      28 |       2 |   6.7
   Shoals:2 |    9606 |       0 |   0.0 |      20 |       0 |   0.0
   Shoals:3 |    7604 |    2975 |  28.1 |      20 |       8 |  28.6
   Shoals:4 |   14491 |   20641 |  58.8 |      33 |      28 |  45.9
   Spider:1 |    5546 |       0 |   0.0 |      21 |       0 |   0.0
   Spider:2 |   17424 |    2226 |  11.3 |      41 |       6 |  12.8
   Spider:3 |   12539 |       0 |   0.0 |      41 |       0 |   0.0
   Spider:4 |   10696 |   21897 |  67.2 |      23 |      34 |  59.6
      Orc:1 |    2342 |     927 |  28.4 |      49 |       7 |  12.5
      Orc:2 |    5558 |    8747 |  61.1 |      48 |      71 |  59.7
      Elf:1 |   22618 |    9007 |  28.5 |      37 |      13 |  26.0
      Elf:2 |   21071 |   25489 |  54.7 |      31 |      30 |  49.2
      Elf:3 |   19581 |   38857 |  66.5 |      31 |      32 |  50.8
   Vaults:1 |   17149 |   21843 |  56.0 |      40 |      40 |  50.0
   Vaults:2 |   37295 |   36988 |  49.8 |      61 |      46 |  43.0
   Vaults:3 |   25158 |   21795 |  46.4 |      50 |      28 |  35.9
   Vaults:4 |   24053 |   26972 |  52.9 |      32 |      40 |  55.6
    Ossuary |       0 |     188 | 100.0 |       0 |      27 | 100.0
     Bailey |       0 |    2417 | 100.0 |       0 |      39 | 100.0
            +---------+---------+-------+---------+---------+-------
